| TOP OF THE 1ST |
|
Arizona State University Sun Devils batting - Pitching for Oregon State University Beavers : RHP Edwin Zelaya
|
|
Pitching: RHP Edwin Zelaya
|
|
|
Batting: RHB Rusty Gee
|
0-0: Ball 1-0: Called Strike 1-1: Ball 2-1: Ball 3-1: Called Strike 3-2: SINGLE (Groundball, 56S, EV 96.2 MPH)
|
|
Batting: LHB Eric Russell
|
0-0: Ball 1-0: SINGLE (Line Drive, 5D, EV 99.4 MPH) Rusty Gee to second
|
|
Batting: LHB Randy Marquez
|
0-0: Swinging Strike 0-1: Foul Ball, location: 2F 0-2: Ball 1-2: Strikes out swinging
|
|
Batting: SHB Manny Aponte
|
0-0: Called Strike 0-1: Swinging Strike 0-2: Ball 1-2: Strikes out swinging
|
|
Batting: RHB Martin Boyle
|
0-0: Ball 1-0: Called Strike 1-1: Foul Ball, location: 2F 1-2: Ball 2-2: Foul Ball, location: 2F 2-2: Strikes out looking
|
| Top of the 1st over - 0 runs, 2 hits, 0 errors, 2 left on base; Arizona State University 0 - Oregon State University 0 |
| BOTTOM OF THE 1ST |
|
Oregon State University Beavers batting - Pitching for Arizona State University Sun Devils : LHP John Neville
|
|
Pitching: LHP John Neville
|
|
|
Batting: SHB Sosaia Apelahama
|
0-0: Called Strike 0-1: Fly out, F8 (Flyball, 8LD, EV 109.4 MPH)
|
|
Batting: RHB Yasuyuki Moriyama
|
0-0: Foul Ball, location: 2F 0-1: SINGLE (Flyball, 78M, EV 99.4 MPH)
|
|
Batting: RHB Luis Flores
|
0-0: Ball 1-0: Called Strike 1-1: Ball 2-1: Grounds into double play, 5-4-3 (Groundball, 56S, EV 86.9 MPH)
|
| Bottom of the 1st over - 0 runs, 1 hit, 0 errors, 0 left on base; Arizona State University 0 - Oregon State University 0 |
| TOP OF THE 2ND |
|
Arizona State University Sun Devils batting - Pitching for Oregon State University Beavers : RHP Edwin Zelaya
|
|
Batting: RHB John Burgis
|
0-0: Ball 1-0: Ground out 6-3 (Groundball, 6D, EV 105.6 MPH)
|
|
Batting: LHB Dustin Gill
|
0-0: Swinging Strike 0-1: Ball 1-1: Swinging Strike 1-2: Ground out U3 (Groundball, 3S, EV 88.1 MPH)
|
|
Batting: RHB Carl Evans
|
0-0: Ball 1-0: Ball 2-0: Called Strike 2-1: Ball 3-1: Foul Ball, location: 2F 3-2: Strikes out looking
|
| Top of the 2nd over - 0 runs, 0 hits, 0 errors, 0 left on base; Arizona State University 0 - Oregon State University 0 |
| BOTTOM OF THE 2ND |
|
Oregon State University Beavers batting - Pitching for Arizona State University Sun Devils : LHP John Neville
|
|
Batting: RHB Steve Webb
|
0-0: Ball 1-0: Fly out, F9 (Flyball, 89D, EV 104.4 MPH)
|
|
Batting: RHB Willie Lopez
|
0-0: Called Strike 0-1: Foul Ball, location: 2F 0-2: Fly out, F8 (Flyball, 8RS, EV 90.6 MPH)
|
|
Batting: LHB Sun-wei Kuai
|
0-0: Foul Ball, location: 2F 0-1: Fly out, F7 (Flyball, 7LM, EV 93.8 MPH)
|
| Bottom of the 2nd over - 0 runs, 0 hits, 0 errors, 0 left on base; Arizona State University 0 - Oregon State University 0 |
| TOP OF THE 3RD |
|
Arizona State University Sun Devils batting - Pitching for Oregon State University Beavers : RHP Edwin Zelaya
|
|
Batting: LHB Timon Giorgiou
|
0-0: Ball 1-0: Ball 2-0: Called Strike 2-1: Swinging Strike 2-2: Foul Ball, location: 2F 2-2: Strikes out swinging
|
|
Batting: RHB Rusty Gee
|
0-0: Called Strike 0-1: Foul Ball, location: 2F 0-2: Ball 1-2: Foul Ball, location: 2F 1-2: Ball 2-2: Strikes out swinging
|
|
Batting: LHB Eric Russell
|
0-0: Ball 1-0: Foul Ball, location: 2F 1-1: Ground out 4-3 (Groundball, 34, EV 93.1 MPH)
|
| Top of the 3rd over - 0 runs, 0 hits, 0 errors, 0 left on base; Arizona State University 0 - Oregon State University 0 |
| BOTTOM OF THE 3RD |
|
Oregon State University Beavers batting - Pitching for Arizona State University Sun Devils : LHP John Neville
|
|
Batting: RHB Oscar Munoz
|
0-0: Called Strike 0-1: Swinging Strike 0-2: Ball 1-2: Ground out 1-3 (Groundball, 13S, EV 69.4 MPH)
|
|
Batting: LHB Fred Bal
|
0-0: Swinging Strike 0-1: Ground out U3 (Groundball, 13, EV 82.5 MPH)
|
|
Batting: LHB Jon Hamilton
|
0-0: Ball 1-0: Foul Ball, location: 2F 1-1: Ball 2-1: Called Strike 2-2: Fly out, F8 (Flyball, 8RD, EV 85.0 MPH)
|
| Bottom of the 3rd over - 0 runs, 0 hits, 0 errors, 0 left on base; Arizona State University 0 - Oregon State University 0 |
| TOP OF THE 4TH |
|
Arizona State University Sun Devils batting - Pitching for Oregon State University Beavers : RHP Edwin Zelaya
|
|
Batting: LHB Randy Marquez
|
0-0: Ball 1-0: Ball 2-0: Foul Ball, location: 2F 2-1: Ball 3-1: Swinging Strike 3-2: Base on Balls
|
|
Batting: SHB Manny Aponte
|
0-0: Called Strike 0-1: Called Strike 0-2: Ball 1-2: Foul Ball, location: 2F 1-2: Foul Ball, location: 2F 1-2: Ball 2-2: Strikes out swinging
|
|
Batting: RHB Martin Boyle
|
0-0: Called Strike Randy Marquez is caught stealing 2nd base 2-4 0-1: Ball 1-1: Ground out 5-3 (Groundball, 5, EV 88.1 MPH)
|
| Top of the 4th over - 0 runs, 0 hits, 0 errors, 0 left on base; Arizona State University 0 - Oregon State University 0 |
| BOTTOM OF THE 4TH |
|
Oregon State University Beavers batting - Pitching for Arizona State University Sun Devils : LHP John Neville
|
|
Batting: SHB Sosaia Apelahama
|
0-0: Swinging Strike 0-1: Ball 1-1: Foul Ball, location: 2F 1-2: Ball 2-2: Strikes out swinging
|
|
Batting: RHB Yasuyuki Moriyama
|
0-0: Called Strike 0-1: Foul Ball, location: 2F 0-2: Foul Ball, location: 2F 0-2: Ball 1-2: Ball 2-2: Ground out 4-3 (Groundball, 4, EV 85.6 MPH)
|
|
Batting: RHB Luis Flores
|
0-0: Called Strike 0-1: Foul Ball, location: 2F 0-2: Ball 1-2: Strikes out swinging
|
| Bottom of the 4th over - 0 runs, 0 hits, 0 errors, 0 left on base; Arizona State University 0 - Oregon State University 0 |
| TOP OF THE 5TH |
|
Arizona State University Sun Devils batting - Pitching for Oregon State University Beavers : RHP Edwin Zelaya
|
|
Batting: RHB John Burgis
|
0-0: Called Strike 0-1: Reached on error, E4 (Groundball, 4M, EV 95.0 MPH)
|
|
Batting: LHB Dustin Gill
|
0-0: Ball 1-0: Ball 2-0: Ball 3-0: Called Strike 3-1: Base on Balls
|
|
Batting: RHB Carl Evans
|
0-0: Called Strike 0-1: Foul Ball, location: 2F 0-2: Ball 1-2: Foul Ball, location: 2F 1-2: Ball 2-2: Foul Ball, location: 2F 2-2: Strikes out swinging
|
|
Pitching: LHP Mark Sander
|
|
|
Pinch Hitting: RHB Jun-hyuk Leem
|
0-0: Called Strike 0-1: Called Strike 0-2: Foul Ball, location: 2F 0-2: Strikes out looking
|
|
Batting: RHB Rusty Gee
|
0-0: Ball 1-0: Called Strike 1-1: Ball 2-1: Foul Ball, location: 2F 2-2: Foul Ball, location: 2F 2-2: SINGLE (Line Drive, 6MD, EV 105.6 MPH) John Burgis to third Dustin Gill to second
|
|
Batting: LHB Eric Russell
|
0-0: Fly out, F6 (Line Drive, 6, EV 71.2 MPH)
|
| Top of the 5th over - 0 runs, 1 hit, 1 error, 3 left on base; Arizona State University 0 - Oregon State University 0 |
| BOTTOM OF THE 5TH |
|
Oregon State University Beavers batting - Pitching for Arizona State University Sun Devils : LHP John Neville
|
|
Now in CF: Burraga Iukini
|
|
|
Batting: RHB Steve Webb
|
0-0: Fly out, F5 (Popup, 5SF, EV 68.8 MPH)
|
|
Batting: RHB Willie Lopez
|
0-0: Ball 1-0: Ball 2-0: DOUBLE (Flyball, 8LXD, EV 95.0 MPH)
|
|
Batting: LHB Sun-wei Kuai
|
0-0: Called Strike 0-1: Ball 1-1: Ball 2-1: Called Strike 2-2: Foul Ball, location: 2F 2-2: Foul Ball, location: 2F 2-2: Foul Ball, location: 2F 2-2: Strikes out swinging
|
|
Batting: RHB Oscar Munoz
|
0-0: Foul Ball, location: 2F 0-1: Ball 1-1: Swinging Strike 1-2: Ball 2-2: Ground out 4-3 (Groundball, 4, EV 103.8 MPH)
|
| Bottom of the 5th over - 0 runs, 1 hit, 0 errors, 1 left on base; Arizona State University 0 - Oregon State University 0 |
| TOP OF THE 6TH |
|
Arizona State University Sun Devils batting - Pitching for Oregon State University Beavers : LHP Mark Sander
|
|
Batting: LHB Randy Marquez
|
0-0: Fly out, F9 (Flyball, 9S, EV 88.1 MPH)
|
|
Batting: SHB Manny Aponte
|
0-0: Called Strike 0-1: Ball 1-1: Ball 2-1: Ball 3-1: Foul Ball, location: 2F 3-2: Base on Balls
|
|
Batting: RHB Martin Boyle
|
0-0: Called Strike 0-1: Called Strike 0-2: Ball 1-2: Ball 2-2: SINGLE (Groundball, 56S, EV 73.1 MPH) (infield hit) Manny Aponte to second
|
|
Batting: RHB John Burgis
|
0-0: Ball 1-0: Fly out, F7 (Line Drive, 7S, EV 86.2 MPH)
|
|
Batting: LHB Dustin Gill
|
0-0: Ball 1-0: Ground out 4-3 (Groundball, 4, EV 106.2 MPH)
|
| Top of the 6th over - 0 runs, 1 hit, 0 errors, 2 left on base; Arizona State University 0 - Oregon State University 0 |
| BOTTOM OF THE 6TH |
|
Oregon State University Beavers batting - Pitching for Arizona State University Sun Devils : LHP John Neville
|
|
Batting: LHB Fred Bal
|
0-0: Called Strike 0-1: Ground out U3 (Groundball, 3, EV 91.9 MPH)
|
|
Batting: LHB Jon Hamilton
|
0-0: Called Strike 0-1: Ball 1-1: Foul Ball, location: 2F 1-2: Ball 2-2: Reached via error on a dropped throw from 1B, E1 (Groundball, 34, EV 83.8 MPH)
|
|
Batting: SHB Sosaia Apelahama
|
0-0: Foul Ball, location: 2F 0-1: Called Strike 0-2: Fly out, F3 (Line Drive, 3, EV 72.5 MPH) Lined into DP, U3 (Line Drive, 3, EV 68.8 MPH)
|
| Bottom of the 6th over - 0 runs, 0 hits, 1 error, 0 left on base; Arizona State University 0 - Oregon State University 0 |
| TOP OF THE 7TH |
|
Arizona State University Sun Devils batting - Pitching for Oregon State University Beavers : LHP Mark Sander
|
|
Pitching: RHP Dave Lupkoski
|
|
|
Batting: RHB Carl Evans
|
0-0: Ball 1-0: Ball 2-0: Called Strike 2-1: Foul Ball, location: 2F 2-2: Strikes out swinging
|
|
Pitching: LHP Jaime Belden
|
|
|
Batting: LHB Burraga Iukini
|
0-0: Called Strike 0-1: Swinging Strike 0-2: Ball 1-2: Foul Ball, location: 2F 1-2: Foul Ball, location: 2F 1-2: Foul Ball, location: 2F 1-2: Strikes out looking
|
|
Pitching: RHP Edgar Cepeda
|
|
|
Batting: RHB Rusty Gee
|
0-0: Foul Ball, location: 2F 0-1: Swinging Strike 0-2: Foul Ball, location: 2F 0-2: Ball 1-2: Foul Ball, location: 2F 1-2: Ball 2-2: Strikes out swinging
|
| Top of the 7th over - 0 runs, 0 hits, 0 errors, 0 left on base; Arizona State University 0 - Oregon State University 0 |
| BOTTOM OF THE 7TH |
|
Oregon State University Beavers batting - Pitching for Arizona State University Sun Devils : LHP John Neville
|
|
Batting: RHB Yasuyuki Moriyama
|
0-0: Ground out 4-3 (Groundball, 4, EV 81.2 MPH)
|
|
Batting: RHB Luis Flores
|
0-0: Foul Ball, location: 2F 0-1: SINGLE (Groundball, 34D, EV 108.1 MPH)
|
|
Batting: RHB Steve Webb
|
0-0: Swinging Strike 0-1: Called Strike 0-2: Ball 1-2: Ball 2-2: Strikes out swinging
|
|
Pitching: LHP Adam Distasio
|
|
|
Batting: RHB Willie Lopez
|
0-0: Ball 1-0: Foul Ball, location: 2F 1-1: Fielders Choice at 2nd, 6-4 (Groundball, 6, EV 92.5 MPH)
|
| Bottom of the 7th over - 0 runs, 1 hit, 0 errors, 1 left on base; Arizona State University 0 - Oregon State University 0 |
| TOP OF THE 8TH |
|
Arizona State University Sun Devils batting - Pitching for Oregon State University Beavers : RHP Edgar Cepeda
|
|
Batting: LHB Eric Russell
|
0-0: Ground out U3 (Groundball, 3L, EV 84.4 MPH)
|
|
Batting: LHB Randy Marquez
|
0-0: Ball 1-0: Ball 2-0: Ball 3-0: Called Strike 3-1: Ground out 6-3 (Groundball, 6, EV 85.0 MPH)
|
|
Batting: SHB Manny Aponte
|
0-0: Ball 1-0: DOUBLE (Flyball, 8LXD, EV 93.1 MPH)
|
|
Batting: RHB Martin Boyle
|
0-0: Ball 1-0: Called Strike 1-1: Ball 2-1: Ball 3-1: Called Strike 3-2: Base on Balls
|
|
Batting: RHB John Burgis
|
0-0: Ball 1-0: Fielders Choice at 2nd, 6-4 (Groundball, 6, EV 82.5 MPH)
|
| Top of the 8th over - 0 runs, 1 hit, 0 errors, 2 left on base; Arizona State University 0 - Oregon State University 0 |
| BOTTOM OF THE 8TH |
|
Oregon State University Beavers batting - Pitching for Arizona State University Sun Devils : LHP Adam Distasio
|
|
Batting: LHB Sun-wei Kuai
|
0-0: Foul Ball, location: 2F 0-1: Called Strike 0-2: Foul Ball, location: 2F 0-2: Ground out 5-3 (Groundball, 56, EV 92.5 MPH)
|
|
Batting: RHB Oscar Munoz
|
0-0: SINGLE (Groundball, 34D, EV 107.5 MPH)
|
|
Batting: LHB Fred Bal
|
0-0: Foul Ball, location: 2F 0-1: DOUBLE (Flyball, 78XD, EV 102.5 MPH) Oscar Munoz to third
|
|
Batting: LHB Jon Hamilton
|
0-0: Intentional Walk
|
|
Batting: SHB Sosaia Apelahama
|
0-0: Called Strike 0-1: Ball 1-1: Swinging Strike 1-2: Ball 2-2: Strikes out swinging
|
|
Batting: RHB Yasuyuki Moriyama
|
0-0: Foul Ball, location: 2F 0-1: Ball 1-1: Foul Ball, location: 2F 1-2: Ball 2-2: Ground out 4-3 (Groundball, 4, EV 91.2 MPH)
|
| Bottom of the 8th over - 0 runs, 2 hits, 0 errors, 3 left on base; Arizona State University 0 - Oregon State University 0 |
| TOP OF THE 9TH |
|
Arizona State University Sun Devils batting - Pitching for Oregon State University Beavers : RHP Edgar Cepeda
|
|
Batting: LHB Dustin Gill
|
0-0: Ball 1-0: Foul Ball, location: 2F 1-1: Fly out, F4 (Popup, 34, EV 76.9 MPH)
|
|
Batting: RHB Carl Evans
|
0-0: Ball 1-0: Swinging Strike 1-1: Swinging Strike 1-2: Strikes out swinging
|
|
Batting: LHB Burraga Iukini
|
0-0: Called Strike 0-1: Swinging Strike 0-2: Strikes out swinging
|
| Top of the 9th over - 0 runs, 0 hits, 0 errors, 0 left on base; Arizona State University 0 - Oregon State University 0 |
| BOTTOM OF THE 9TH |
|
Oregon State University Beavers batting - Pitching for Arizona State University Sun Devils : LHP Adam Distasio
|
|
Batting: RHB Luis Flores
|
0-0: Ball 1-0: Fly out, F8 (Flyball, 89M, EV 81.9 MPH)
|
|
Batting: RHB Steve Webb
|
0-0: Called Strike 0-1: Ball 1-1: Swinging Strike 1-2: Foul Ball, location: 2F 1-2: Ball 2-2: Strikes out looking
|
|
Batting: RHB Willie Lopez
|
0-0: Ball 1-0: Ground out 4-3 (Groundball, 4, EV 100.0 MPH)
|
| Bottom of the 9th over - 0 runs, 0 hits, 0 errors, 0 left on base; Arizona State University 0 - Oregon State University 0 |
| TOP OF THE 10TH |
|
Arizona State University Sun Devils batting - Pitching for Oregon State University Beavers : RHP Edgar Cepeda
|
|
Pitching: RHP Sun-dong Pak
|
|
|
Batting: RHB Rusty Gee
|
0-0: Called Strike 0-1: Called Strike 0-2: Strikes out swinging
|
|
Batting: LHB Eric Russell
|
0-0: Ball 1-0: Ball 2-0: Ball 3-0: Called Strike 3-1: Foul Ball, location: 2F 3-2: Foul Ball, location: 2F 3-2: Foul Ball, location: 2F 3-2: Foul Ball, location: 2F 3-2: Foul Ball, location: 2F 3-2: Strikes out looking
|
|
Batting: LHB Randy Marquez
|
0-0: Fly out, F7 (Flyball, 78M, EV 90.6 MPH)
|
| Top of the 10th over - 0 runs, 0 hits, 0 errors, 0 left on base; Arizona State University 0 - Oregon State University 0 |
| BOTTOM OF THE 10TH |
|
Oregon State University Beavers batting - Pitching for Arizona State University Sun Devils : LHP Adam Distasio
|
|
Pitching: RHP Roberto Silva
|
|
|
Batting: LHB Sun-wei Kuai
|
0-0: Foul Ball, location: 2F 0-1: Called Strike 0-2: Foul Ball, location: 2F 0-2: Ball 1-2: Ball 2-2: Foul Ball, location: 2F 2-2: Ball 3-2: Strikes out swinging
|
|
Batting: RHB Oscar Munoz
|
0-0: Ball 1-0: Foul Ball, location: 2F 1-1: Foul Ball, location: 2F 1-2: Ball 2-2: Ground out 4-3 (Groundball, 4M, EV 83.8 MPH)
|
|
Batting: LHB Fred Bal
|
0-0: Called Strike 0-1: Swinging Strike 0-2: Ground out 4-3 (Groundball, 4, EV 98.1 MPH)
|
| Bottom of the 10th over - 0 runs, 0 hits, 0 errors, 0 left on base; Arizona State University 0 - Oregon State University 0 |
| TOP OF THE 11TH |
|
Arizona State University Sun Devils batting - Pitching for Oregon State University Beavers : RHP Sun-dong Pak
|
|
Batting: SHB Manny Aponte
|
0-0: Swinging Strike 0-1: Swinging Strike 0-2: Strikes out swinging
|
|
Batting: RHB Martin Boyle
|
0-0: Called Strike 0-1: Ball 1-1: DOUBLE (Groundball, 3L, EV 95.0 MPH)
|
|
Batting: RHB John Burgis
|
0-0: Swinging Strike 0-1: Foul Ball, location: 2F 0-2: Strikes out swinging
|
|
Batting: LHB Dustin Gill
|
0-0: Intentional Walk
|
|
Batting: RHB Carl Evans
|
0-0: Ground out U3 (Groundball, 3L, EV 96.9 MPH)
|
| Top of the 11th over - 0 runs, 1 hit, 0 errors, 2 left on base; Arizona State University 0 - Oregon State University 0 |
| BOTTOM OF THE 11TH |
|
Oregon State University Beavers batting - Pitching for Arizona State University Sun Devils : RHP Roberto Silva
|
|
Batting: LHB Jon Hamilton
|
0-0: Ball 1-0: Called Strike 1-1: Ball 2-1: Foul Ball, location: 2F 2-2: Foul Ball, location: 2F 2-2: Strikes out swinging
|
|
Batting: SHB Sosaia Apelahama
|
0-0: Ball 1-0: Foul Ball, location: 2F 1-1: Ball 2-1: DOUBLE (Groundball, 3L, EV 103.8 MPH)
|
|
Batting: RHB Yasuyuki Moriyama
|
0-0: Swinging Strike 0-1: Foul Ball, location: 2F 0-2: Strikes out looking
|
|
Pinch Hitting: LHB Jason Trevarrow
|
0-0: Ball 1-0: Fly out, F8 (Flyball, 8LD, EV 101.2 MPH)
|
| Bottom of the 11th over - 0 runs, 1 hit, 0 errors, 1 left on base; Arizona State University 0 - Oregon State University 0 |
| TOP OF THE 12TH |
|
Arizona State University Sun Devils batting - Pitching for Oregon State University Beavers : RHP Sun-dong Pak
|
|
Now at 1B: Jason Trevarrow
|
|
|
Batting: LHB Burraga Iukini
|
0-0: Swinging Strike 0-1: Ball 1-1: Ball 2-1: Ground out 4-3 (Groundball, 4, EV 86.9 MPH)
|
|
Batting: RHB Rusty Gee
|
0-0: Ground out 6-3 (Groundball, 6S, EV 86.2 MPH)
|
|
Batting: LHB Eric Russell
|
0-0: Ball 1-0: Ground out U3 (Groundball, 3S, EV 88.1 MPH)
|
| Top of the 12th over - 0 runs, 0 hits, 0 errors, 0 left on base; Arizona State University 0 - Oregon State University 0 |
| BOTTOM OF THE 12TH |
|
Oregon State University Beavers batting - Pitching for Arizona State University Sun Devils : RHP Roberto Silva
|
|
Batting: RHB Steve Webb
|
0-0: Ball 1-0: Ball 2-0: DOUBLE (Line Drive, 7LS, EV 95.6 MPH)
|
|
Batting: RHB Willie Lopez
|
0-0: Ball 1-0: Foul Ball, location: 2F 1-1: Fly out, F9 (Flyball, 9LS, EV 98.8 MPH)
|
|
Batting: LHB Sun-wei Kuai
|
0-0: Ball 1-0: Called Strike 1-1: Foul Ball, location: 2F 1-2: Ball 2-2: Ball 3-2: Base on Balls
|
|
Pitching: LHP T.J. Conner
|
|
|
Batting: RHB Oscar Munoz
|
0-0: Ball 1-0: Called Strike 1-1: Foul Ball, location: 2F 1-2: Ball 2-2: Ball 3-2: Foul Ball, location: 2F 3-2: Strikes out swinging
|
|
Batting: LHB Fred Bal
|
0-0: Swinging Strike 0-1: Ground out 2-3 (Groundball, 15S, EV 65.6 MPH)
|
| Bottom of the 12th over - 0 runs, 1 hit, 0 errors, 2 left on base; Arizona State University 0 - Oregon State University 0 |
| TOP OF THE 13TH |
|
Arizona State University Sun Devils batting - Pitching for Oregon State University Beavers : RHP Sun-dong Pak
|
|
Pitching: LHP Yin-reng Deng
|
|
|
Batting: LHB Randy Marquez
|
0-0: Called Strike 0-1: Fly out, F6 (Popup, 56, EV 58.1 MPH)
|
|
Batting: SHB Manny Aponte
|
0-0: Ground out 6-3 (Groundball, P, EV 77.5 MPH)
|
|
Batting: RHB Martin Boyle
|
0-0: Ball 1-0: Foul Ball, location: 2F 1-1: Called Strike 1-2: Strikes out swinging
|
| Top of the 13th over - 0 runs, 0 hits, 0 errors, 0 left on base; Arizona State University 0 - Oregon State University 0 |
| BOTTOM OF THE 13TH |
|
Oregon State University Beavers batting - Pitching for Arizona State University Sun Devils : LHP T.J. Conner
|
|
Batting: LHB Jon Hamilton
|
0-0: Ball 1-0: Called Strike 1-1: Ball 2-1: Foul Ball, location: 2F 2-2: Ball 3-2: Base on Balls
|
|
Batting: SHB Sosaia Apelahama
|
0-0: Called Strike 0-1: Ball 1-1: Ball 2-1: Ball Jon Hamilton is caught stealing 2nd base 2-4 3-1: Called Strike 3-2: Foul Ball, location: 2F 3-2: Strikes out swinging
|
|
Batting: RHB Yasuyuki Moriyama
|
0-0: Ball 1-0: SINGLE (Groundball, 4D, EV 105.0 MPH)
|
|
Batting: LHB Jason Trevarrow
|
0-0: Called Strike 0-1: Swinging Strike 0-2: Ball 1-2: Foul Ball, location: 2F 1-2: Strikes out looking
|
| Bottom of the 13th over - 0 runs, 1 hit, 0 errors, 1 left on base; Arizona State University 0 - Oregon State University 0 |
| TOP OF THE 14TH |
|
Arizona State University Sun Devils batting - Pitching for Oregon State University Beavers : LHP Yin-reng Deng
|
|
Batting: RHB John Burgis
|
0-0: Ball 1-0: SOLO HOME RUN (Flyball, 7D, EV 96.2 MPH), Distance : 370 ft
|
|
Batting: LHB Dustin Gill
|
0-0: Called Strike 0-1: Ball 1-1: Fly out, F8 (Line Drive, 8RM, EV 95.6 MPH)
|
|
Batting: RHB Carl Evans
|
0-0: Called Strike 0-1: Called Strike 0-2: SINGLE (Groundball, 6, EV 95.6 MPH)
|
|
Batting: LHB Burraga Iukini
|
0-0: Ball Carl Evans is caught stealing 2nd base 2-6 1-0: Foul Ball, location: 2F 1-1: Ball 2-1: Foul Ball, location: 2F 2-2: Strikes out looking
|
| Top of the 14th over - 1 run, 2 hits, 0 errors, 0 left on base; Arizona State University 1 - Oregon State University 0 |
| BOTTOM OF THE 14TH |
|
Oregon State University Beavers batting - Pitching for Arizona State University Sun Devils : LHP T.J. Conner
|
|
Batting: RHB Steve Webb
|
0-0: Ball 1-0: Ball 2-0: Ball 3-0: Called Strike 3-1: Swinging Strike 3-2: Strikes out swinging
|
|
Batting: RHB Willie Lopez
|
0-0: Ball 1-0: Ball 2-0: Fly out, F7 (Line Drive, 78M, EV 90.0 MPH)
|
|
Batting: LHB Sun-wei Kuai
|
0-0: Called Strike 0-1: Ball 1-1: SINGLE (Line Drive, 7LM, EV 105.6 MPH)
|
|
Pitching: RHP Dave Cano
|
|
|
Batting: RHB Oscar Munoz
|
0-0: Ground out 1-3 (Groundball, 34S, EV 74.4 MPH)
|
| Bottom of the 14th over - 0 runs, 1 hit, 0 errors, 1 left on base; Arizona State University 1 - Oregon State University 0 |
|